Map: Lerilak Crest

Players

Javert - Winner!

  • Race: Zerg Zerg
  • League: Platinum

Hadrian

  • Race: Terran Terran
  • League: Grandmaster

VOD

Have the link to the VOD?

Description

Time

  • Played on: Aug. 13, 2015, 11:08 p.m.
  • Length: 15:49
Show
View Real Time Build Order
Export as new Build Order

Javert Zerg - Winner!

Build Orders: Hatch First, Muta Ling Bane 

Get SALT Encoding   

  12  0:01  Drone  
  13  0:13  Overlord  
  13  0:19  Drone  
  14  0:32  Drone x2  
  14  0:35  Drone  
  17  0:55  Hatchery, Drone  
  17  1:00  Drone, Extractor  
  17  1:08  Drone  
  18  1:22  Spawning Pool  
  18  1:24  Drone  
  18  1:29  Drone  
  19  1:40  Drone  
  20  1:57  Drone  
  21  2:02  Overlord  
  21  2:10  Queen x2  
  21  2:11  Metabolic Boost  
  21  2:13  Zergling x4  
  27  2:26  Drone x2  
  29  2:31  Drone  
  29  2:37  Drone  
  31  2:39  Overlord  
  31  2:44  Drone  
  32  2:47  Queen  
  34  2:56  Overlord  
  34  3:01  Drone x2  
  34  3:05  Drone  
  37  3:11  Lair  
  37  3:15  Drone  
  38  3:21  Drone x6  
  38  3:22  Drone  
  45  3:35  Drone x3  
  48  3:42  Overlord x2  
  48  3:43  Baneling Nest  
  47  3:49  Overlord x2  
  47  3:54  Overlord  
  47  3:56  Extractor  
  46  4:14  Overlord x2, Extractor  
  46  4:16  Zergling x8  
  46  4:17  Zergling x2  
  50  4:21  Spore Crawler, Overseer  
  49  4:26  Spore Crawler  
  49  4:30  Zergling x16  
  56  4:38  Baneling x5  
  56  4:41  Drone x2  
  58  5:00  Drone  
  58  5:01  Drone x3  
  62  5:08  Overlord x2  
  62  5:28  Drone x4  
  60  5:29  Drone x2  
  65  5:35  Evolution Chamber  
  65  5:38  Spire  
  65  5:39  Evolution Chamber  
  65  5:40  Overlord x2  
  62  5:44  Drone x4, Extractor  
  62  5:46  Burrow  
  62  5:48  Hatchery  
  64  5:54  Spore Crawler  
  64  5:55  Spine Crawler  
  57  6:00  Centrifical Hooks  
  57  6:03  Zergling x2  
  57  6:04  Zergling x8  
  59  6:12  Drone x2  
  59  6:16  Zerg Ground Armor Level 1, Zerg Melee Weapons Level 1  
  61  6:23  Baneling  
  61  6:24  Baneling x9  
  61  6:31  Drone x2  
  63  6:36  Queen  
  63  6:39  Drone  
  67  6:40  Drone x2  
  67  6:46  Drone x3  
  67  6:47  Drone x2  
  73  6:56  Drone x5  
  73  7:00  Overseer  
  74  7:23  Overlord  
  74  7:24  Mutalisk x6  
  74  7:29  Drone x2  
  86  7:35  Overlord  
  86  7:40  Mutalisk x2  
  90  7:44  Overlord  
  90  7:45  Overlord  
  90  7:47  Drone  
  90  7:48  Drone x4  
  95  7:55  Mutalisk  
  95  7:56  Extractor  
  96  8:00  Extractor  
  96  8:03  Zergling x6  
  96  8:05  Queen  
  98  8:08  Hatchery  
  98  8:10  Hatchery, Zergling x2  
  98  8:11  Zergling x10  
  102  8:18  Baneling x2  
  102  8:19  Baneling x3  
  102  8:23  Zergling x16  
  109  8:36  Zergling x2  
  109  8:37  Zergling x8  
  109  8:39  Baneling  
  109  8:40  Baneling x14  
  92  9:04  Mutalisk  
  92  9:05  Mutalisk  
  88  9:19  Zergling x2  
  88  9:20  Zergling x16  
  94  9:30  Zergling x2  
  95  9:32  Queen  
  95  9:33  Queen  
  95  9:35  Zerg Ground Armor Level 2, Zerg Melee Weapons Level 2  
  95  9:38  Zergling x6  
  102  9:48  Zergling x2  
  102  9:49  Zergling x10  
  108  9:53  Queen  
  108  9:54  Extractor x2  
  108  9:55  Drone x2  
  108  9:56  Drone x7  
  117  10:05  Baneling x9  
  117  10:06  Baneling x10  
  117  10:12  Mutalisk  
  119  10:15  Zergling x2  
  119  10:16  Zergling x14  
  127  10:23  Queen x2  
  127  10:24  Drone x3  
  134  10:28  Mutalisk x2  
  134  10:35  Drone x3  
  140  10:36  Drone x2  
  140  10:39  Extractor  
  140  10:41  Hatchery  
  141  10:44  Extractor  
  141  10:49  Mutalisk  
  136  10:50  Mutalisk x4  
  138  11:27  Infestation Pit  
  138  11:28  Zergling x2  
  138  11:29  Zergling x28  
  138  11:39  Overlord x2  
  138  11:44  Mutalisk x4  
  138  11:53  Drone x4  
  138  12:05  Hive  
  138  12:06  Hatchery  
  138  12:07  Extractor  
  138  12:08  Extractor  
  138  12:16  Mutalisk x8  
  138  12:20  Overlord  
  138  12:56  Zerg Missile Weapons Level 1  
  138  14:59  Ultralisk Cavern  
  138  15:02  Overlord x2  
Show
View Real Time Build Order
Export as new Build Order

Hadrian Terran 

Build Orders:  

Get SALT Encoding   

  12  0:00  SCV  
  13  0:13  SCV  
  14  0:22  Supply Depot  
  14  0:25  SCV  
  15  0:43  SCV  
  15  0:45  Barracks  
  16  0:55  SCV  
  17  0:57  Barracks  
  17  1:06  Refinery  
  17  1:07  SCV  
  18  1:12  Refinery  
  18  1:20  SCV  
  19  1:33  Orbital Command  
  19  1:36  Supply Depot  
  19  1:41  Marine  
  19  1:45  Barracks Tech Lab  
  20  1:58  SCV  
  21  2:06  Marine  
  22  2:12  Factory  
  22  2:13  SCV  
  23  2:21  Marine  
  24  2:25  SCV  
  25  2:32  Supply Depot  
  25  2:34  Barracks Reactor  
  25  2:39  SCV  
  25  2:43  Stimpack  
  26  2:46  Marine  
  27  2:51  SCV  
  28  3:02  Factory Reactor  
  28  3:09  SCV, Starport  
  28  3:12  Marine  
  30  3:13  Marine x2  
  30  3:17  Supply Depot  
  32  3:21  SCV  
  33  3:33  SCV, Marine x2  
  33  3:34  Marine  
  37  3:44  Supply Depot  
  37  3:52  Marine x3  
  40  3:56  Medivac x2  
  40  3:57  Factory Tech Lab  
  44  4:26  Marine x3  
  44  4:27  Siege Tank  
  44  4:29  Medivac  
  52  4:39  Supply Depot  
  52  4:44  Marine x3  
  55  5:01  Marine  
  55  5:02  Marine x2  
  58  5:19  Siege Tank, Marine x2  
  58  5:20  Marine  
  47  5:37  Marine x3  
  50  5:44  Viking  
  52  5:51  Siege Tank  
  52  5:55  Marine x3  
  58  6:03  Medivac  
  60  6:13  Marine x3  
  63  6:21  Command Center  
  63  6:32  Barracks  
  63  6:54  Supply Depot  
  63  6:59  Liberator  
  63  7:03  Medivac, Marine  
  63  7:12  Supply Depot  
  63  7:13  Supply Depot  
  63  7:16  Marine x2  
  63  7:21  Marine  
  68  7:27  Marine  
  68  7:28  Siege Tank  
  67  7:34  Marine x2  
  67  7:39  Marine  
  68  7:44  Marine  
  69  7:51  Marine  
  69  7:53  Engineering Bay  
  69  7:56  Armory  
  70  8:04  Barracks Reactor  
  70  8:18  Marine, Medivac  
  70  8:19  Marine x2  
  72  8:54  Marine x5  
  72  8:55  Siege Tank  
  80  8:56  Medivac  
  64  9:11  Marine  
  64  9:12  Marine x4  
  47  9:31  Planetary Fortress  
  47  9:39  Marine x5  
  47  9:41  Siege Tank  
  55  9:45  Missile Turret  
  55  9:53  Missile Turret  
  55  9:58  SCV  
  56  10:01  Missile Turret  
  56  10:04  Missile Turret  
  56  10:10  SCV  
  56  10:11  SCV, Missile Turret  
  58  10:15  Marine x2  
  58  10:16  Marine x2  
  58  10:18  Marine  
  63  10:23  SCV  
  63  10:24  SCV  
  65  10:35  SCV  
  66  10:36  SCV  
  66  10:39  Siege Tank  
  70  10:47  SCV  
  70  10:48  SCV  
  71  10:59  SCV  
  71  11:00  SCV  
  46  11:11  SCV  
Tags
 
Add a new tag
Caveats
  • Supply blocks, unpowered buildings, or Contaminate may cause inaccurate times.
  • Supply counts are checked every 10 seconds.